 Dungeon Crawl Stone Soup version 0.30-a0-719-gcc4359ea44 (webtiles) character file.

Game seed: 11575596670610856257

27250 Fenrisus the Nimble (level 13, -1/119 HPs)
             Began as a Troll Fighter on Jan 26, 2023.
             Was a High Priest of Hepliaklqana.
             Slain by a 17-headed hydra (7 damage)
             ... on level 3 of the Lair of Beasts.
             The game lasted 00:51:01 (12365 turns).

Fenrisus the Nimble (Troll Fighter)                Turns: 12365, Time: 00:51:01

Health: -1/119     AC: 12    Str: 29    XL:     13   Next: 3%
Magic:  12/12      EV: 20    Int:  9    God:    Hepliaklqana [*****.]
Gold:   839        SH: 13    Dex: 17    Spells: 12/12 levels left

rFire   . . .      SeeInvis .    y - +10 falchion "Cohudgh" {vamp, rElec Will+ Int+5}
rCold   . . .      Faith    .    b - +1 kite shield
rNeg    . . .      Spirit   .    i - +1 acid dragon scales
rPois   .          Reflect  .    f - +2 hat
rElec   +          Harm     .    o - +0 cloak
rCorr   +          Rampage  .    (gloves unavailable)
Will    +....                    (boots unavailable)
Stlth   +                        j - amulet of regeneration
HPRegen 1.99/turn                g - +5 ring of evasion
MPRegen 0.13/turn                h - +6 ring of dexterity

@: about to teleport, studying 2 skills
A: reduced essence, large, unfitting armour, claws 3, regeneration 1, shaggy fur
1, tough skin 1
a: Renounce Religion, Recall Ancestor, Ancestor Identity, Transference, Idealise


You were on level 3 of the Lair of Beasts.
You worshipped Hepliaklqana.
Hepliaklqana was extremely pleased with you.
You visited 3 branches of the dungeon, and saw 15 of its levels.
You also visited: Ossuary.

You collected 839 gold pieces.

Inventory:

Hand Weapons
 e - the +3 quarterstaff "Zamyel" {flame, Dex+4}
   (You found it on level 10 of the Dungeon)

   Dex:       It affects your dexterity (+4).
 y - the +10 falchion "Cohudgh" (weapon) {vamp, rElec Will+ Int+5}
   (You found it in an ossuary)

   Int:       It affects your intelligence (+5).
   rElec:     It insulates you from electricity.
   Will:      It increases your willpower.
 M - the +7 short sword "Aduac" {spect, Will+ SInv}
   (You took it off an orc wizard on level 11 of the Dungeon)

   SInv:      It lets you see invisible.
   Will:      It increases your willpower.
 N - the +10 arbalest "Olileiru" {drain, rCorr}
   (You found it on level 11 of the Dungeon)

   rCorr:     It protects you from acid and corrosion.
Missiles
 q - 2 throwing nets (quivered)
 L - 5 large rocks
Armour
 b - a +1 kite shield (worn)
 f - a +2 hat (worn)
 i - +1 acid dragon scales (worn)
 o - a +0 cloak (worn)
 H - the +0 pair of boots of the Thistle {rElec rF+}
   (You found it on level 9 of the Dungeon)

   rF:        It protects you from fire.
   rElec:     It insulates you from electricity.
 Q - a scarf of shadows
Jewellery
 g - a +5 ring of evasion (left claw)
 h - a +6 ring of dexterity (right claw)
 j - an amulet of regeneration (around neck)
 l - a ring of poison resistance
 s - a +5 ring of evasion
 E - an amulet of guardian spirit
 P - a ring of flight
Wands
 r - a wand of light (15)
 B - a wand of charming (13)
 C - a wand of flame (10)
 D - a wand of mindburst (3)
Scrolls
 k - 2 scrolls of fog
 m - 2 scrolls of enchant weapon
 n - 3 scrolls of teleportation
 A - 3 scrolls of identify
 G - 5 scrolls of amnesia
 J - 3 scrolls of silence
 K - 4 scrolls of fear
 R - a scroll of brand weapon
 S - a scroll of blinking
Potions
 a - a potion of heal wounds
 c - 3 potions of magic
 d - 3 potions of lignification
 p - 3 potions of ambrosia
 t - 4 potions of curing
 u - 4 potions of flight
 v - 2 potions of cancellation
 w - 2 potions of berserk rage
 x - 3 potions of brilliance
 z - 2 potions of might
 F - 2 potions of haste
Miscellaneous
 I - a box of beasts (inert)
 O - a phantom mirror (inert)


   Skills:
 + Level 9.9 Fighting
 + Level 8.3 Long Blades
 + Level 12.3 Dodging
 + Level 10.7 Shields
 - Level 5.6 Unarmed Combat


You had 12 spell levels left.
You didn't know any spells.
Your spell library contained the following spells:

 Spells                   Type           Power      Damage    Failure   Level
 Apportation              Tloc           0%         N/A       65%         1
 Foxfire                  Conj/Fire      0%         2x1d4     65%         1
 Kiss of Death            Conj/Necr      0%         2d5       65%         1
 Necrotise                Necr           0%         1d4       65%         1
 Summon Small Mammal      Summ           0%         N/A       65%         1
 Blink                    Tloc           0%         N/A       80%         2
 Lesser Beckoning         Tloc           0%         N/A       80%         2
 Momentum Strike          Conj/Tloc      0%         3d8       80%         2
 Wereblood                Tmut           0%         N/A       80%         2
 Call Canine Familiar     Summ           0%         N/A       95%         3
 Inner Flame              Hex/Fire       0%         N/A       95%         3
 Portal Projectile        Hex/Tloc       0%         N/A       95%         3
 Flame Wave               Conj/Fire      0%         2d4       100%        4
 Ice Form                 Ice/Tmut       0%         N/A       100%        4
 Leda's Liquefaction      Hex/Erth       0%         N/A       100%        4
 Sticky Flame             Conj/Fire      0%         2d3       100%        4
 Alistair's Intoxication  Tmut/Pois      0%         N/A       100%        5
 Fireball                 Conj/Fire      0%         3d3       100%        5
 Iron Shot                Conj/Erth      0%         9d1       100%        6
 Starburst                Conj/Fire      0%         6d3       100%        6
 Statue Form              Tmut/Erth      0%         N/A       100%        6
 Chain Lightning          Conj/Air       0%         N/A       100%        9
 Fire Storm               Conj/Fire      0%         5d1       100%        9
 Shatter                  Erth           0%         3d5*      100%        9


Dungeon Overview and Level Annotations

Branches:
Dungeon (11/15)            Temple (1/1) D:4            Lair (3/5) D:9
 Shoals (0/4) Lair:2        Snake (0/4) Lair:2          Orc (0/2) D:11
Ossuary (visited)

Altars:
Ashenzari
Cheibriados
Dithmenos
Elyvilon
Fedhas
Gozag
Hepliaklqana
Kikubaaqudgha
Makhleb
Nemelex Xobeh
Okawaru
Qazlal
Ru
Sif Muna
Trog
Uskayaw
Vehumet
Wu Jian
Xom
Yredelemnul
Zin
The Shining One

Portals:
Trove: D:10 (give +5 demon whip)

Annotations:
Lair:3 2 transporters


Innate Abilities, Weirdness & Mutations

Your life essence is reduced to manifest your ancestor. (-10% HP)
You are too large for most types of armour.
You have claws for hands.
Your natural rate of healing is unusually fast.
You are covered in fur. (AC +1)
You have tough skin. (AC +1)


Message History

The 16-headed hydra completely misses you.
The 16-headed hydra bites you.
You chop one of the 16-headed hydra's heads off!
The 15-headed hydra grows two more!
You hit the 17-headed hydra.
You feel better.
The 17-headed hydra is lightly wounded.
The 17-headed hydra closely misses you.
You block the 17-headed hydra's attack. x2
The 17-headed hydra bites you! The 17-headed hydra bites you.
The 17-headed hydra misses you.
The 17-headed hydra completely misses you.
The 17-headed hydra bites you but does no damage.
You block the 17-headed hydra's attack. The 17-headed hydra bites you.
* * * LOW HITPOINT WARNING * * *
The 17-headed hydra misses you. The 17-headed hydra bites you!
* * * LOW HITPOINT WARNING * * *
The 17-headed hydra bites you!
* * * LOW HITPOINT WARNING * * *
The 17-headed hydra misses you. The 17-headed hydra bites you.
* * * LOW HITPOINT WARNING * * *
The 17-headed hydra bites you but does no damage.
The 17-headed hydra bites you.
* * * LOW HITPOINT WARNING * * *
As you read the scroll of teleportation, it crumbles to dust.
You feel strangely unstable. The 17-headed hydra misses you.
You block the 17-headed hydra's attack.
The 17-headed hydra completely misses you. x2
You block the 17-headed hydra's attack.
The 17-headed hydra bites you but does no damage.
The 17-headed hydra completely misses you.
The 17-headed hydra bites you.
* * * LOW HITPOINT WARNING * * *
The 17-headed hydra bites you.
* * * LOW HITPOINT WARNING * * *
You block the 17-headed hydra's attack. The 17-headed hydra closely misses you.
The 17-headed hydra completely misses you.
The 17-headed hydra closely misses you. The 17-headed hydra bites you.
* * * LOW HITPOINT WARNING * * *
The 17-headed hydra bites you but does no damage.
You block the 17-headed hydra's attack. The 17-headed hydra bites you!
You die...

##.. .#......# ##..
.......# #P.. #......#
#P.. #......## ...
##PP. ##....... .._..
..... #.......# .....
..... #.....D.#......
..### ##....@$#......
.. # #..............
##......#......
##.............
#..............
##.............
#.....(.>..... ###
##............# ..P
#......................


You could see a 17-headed hydra.

Vanquished Creatures
  A two-headed ogre (D:11)
  An ugly thing (D:10)
  2 elephants (Lair:3)
  A manticore (D:11)
  3 black mambas
  2 cane toads
  A kobold demonologist (D:9)
  3 komodo dragons
  A troll (D:11)
  A polar bear (Lair:2)
  A snapping turtle (Lair:2)
  2 wraiths
  A wyvern (Lair:1)
  10 yaks
  2 basilisks
  2 vampire mosquitoes
  Edmund (D:6)
  An acid dragon (D:8)
  9 water moccasins
  2 ice beasts (Lair:2)
  5 orc warriors
  A black bear (D:5)
  6 ogres
  3 centaurs
  6 wolves
  3 phantoms
  3 gnoll sergeants
  9 kobold brigands
  4 scorpions
  3 bullfrogs
  4 wights (D:8)
  8 water moccasin zombies (Ossuary)
  2 killer bees
  An electric eel (Lair:2)
  A howler monkey (D:5)
  3 jellies
  6 hounds
  An orc priest (D:8)
  4 iguanas (D:7)
  Ijyb (D:4)
  2 mummies (Ossuary)
  Robin (D:4)
  13 gnolls
  11 adders
  2 shadow imps (D:9)
  A white imp (Lair:2)
  5 adder zombies (Ossuary)
  4 worms
  7 dart slugs
  11 orcs
  6 bats
  8 endoplasms
  2 giant cockroaches
  2 gnoll zombies (Ossuary)
  11 goblins
  12 hobgoblins
  8 jackals (D:4)
  2 quokkas (D:3)
  9 ball pythons
  A frilled lizard (D:2)
  8 hobgoblin zombies (Ossuary)
  27 kobolds
  7 kobold skeletons (D:9)
  7 kobold zombies
  5 orc zombies (Ossuary)
  3 rats
296 creatures vanquished.

Vanquished Creatures (collateral kills)
  Erolcha (D:11)
  2 hydras (Lair:3)
  Lodul (D:11)
  Pikel (D:7)
  A cyclops (D:11)
  A black mamba (Lair:2)
  An ice statue (Lair:2)
  2 elephants (Lair:3)
  5 cane toads
  2 komodo dragons (Lair:3)
  An ice devil (Lair:2)
  Maggie (D:8)
  2 polar bears (Lair:2)
  10 yaks
  A wyvern (Lair:1)
  A wraith (D:11)
  A basilisk (Lair:1)
  2 vampire mosquitoes
  3 acid dragons
  7 water moccasins
  A sky beast (D:7)
  3 ice beasts (Lair:2)
  2 orc warriors (D:11)
  4 black bears
  2 ogres (D:11)
  5 wolves (Lair:1)
  3 centaurs
  7 kobold brigands
  3 bullfrogs
  A gnoll sergeant (D:11)
  3 wights (D:8)
  2 hounds
  3 jellies
  2 orc priests
  5 orc wizards
  4 gnolls
  6 orcs
  21 kobolds
  5 kobold skeletons (D:9)
  3 kobold zombies (D:9)
131 creatures vanquished.

Vanquished Creatures (others)
  A black bear (D:6)
  An ogre (D:6)
  A bullfrog (D:6)
  2 hounds (D:6)
  7 battlemagi
  An adder (D:6)
  A hobgoblin (D:4)
  A goblin (D:4)
  7 fungi
  14 plants
36 creatures vanquished.

Grand Total: 463 creatures vanquished

Notes
Turn   | Place    | Note
-------+----------+-------------------------------------------
     0 | D:1      | Fenrisus the Troll Fighter began the quest for the Orb.
     0 | D:1      | Reached XP level 1. HP: 22/22 MP: 0/0
   117 | D:1      | Reached XP level 2. HP: 29/29 MP: 1/1
  1079 | D:2      | Reached XP level 3. HP: 35/36 MP: 2/2
  1485 | D:2      | Reached XP level 4. HP: 44/44 MP: 3/3
  1838 | D:3      | Found a sacrificial altar of Ru.
  1847 | D:3      | Reached skill level 3 in Dodging
  1896 | D:3      | Reached XP level 5. HP: 53/53 MP: 4/4
  1940 | D:3      | Found a faded altar of an unknown god.
  2132 | D:3      | Found a large runed translucent door.
  2132 | D:3      | Found a large runed translucent door.
  2242 | D:3      | Found a blossoming altar of Fedhas.
  2415 | D:3      | Found an ancient bone altar of Kikubaaqudgha.
  2421 | D:3      | Found a shimmering blue altar of Sif Muna.
  2489 | D:4      | Noticed an ogre
  2491 | D:4      | Noticed Ijyb
  2491 | D:4      | Noticed Robin
  2504 | D:4      | HP: 2/53 [goblin/+0 club (4)]
  2507 | D:4      | Killed Ijyb
  2518 | D:4      | Found an ornate altar of the Wu Jian Council.
  2654 | D:4      | Killed Robin
  2847 | D:4      | Reached XP level 6. HP: 49/61 MP: 5/5
  2979 | D:4      | Noticed a water moccasin
  3057 | D:4      | Killed a water moccasin
  3058 | D:4      | Reached XP level 7. HP: 64/70 MP: 6/6
  3086 | D:4      | Found a staircase to the Ecumenical Temple.
  3095 | Temple   | Entered the Ecumenical Temple
  3352 | Temple   | Became a worshipper of Hepliaklqana the Forgotten
  3392 | D:4      | Reached skill level 4 in Dodging
  3429 | D:4      | Found a glowing golden altar of the Shining One.
  3436 | D:4      | Found a broken altar of Ashenzari.
  3759 | D:5      | Entered Level 5 of the Dungeon
  4026 | D:5      | Reached skill level 5 in Shields
  4026 | D:5      | Reached skill level 5 in Unarmed Combat
  4026 | D:5      | Reached XP level 8. HP: 79/79 MP: 7/7
  4026 | D:5      | Found a sand-covered staircase.
  4032 | Ossuary  | Entered an ossuary
  4192 | Ossuary  | Reached skill level 5 in Fighting
  4192 | Ossuary  | Reached skill level 5 in Dodging
  4247 | Ossuary  | Identified the +10 falchion "Cohudgh" {vamp, rElec Will+
                  | Int+5}
  4415 | D:5      | Reached * piety under Hepliaklqana
  4500 | D:5      | Reached skill level 1 in Long Blades
  4974 | D:6      | Reached XP level 9. HP: 79/79 MP: 8/8
  5139 | D:6      | Noticed Edmund
  5151 | D:6      | Killed Edmund
  5307 | D:6      | Found a shimmering altar of Xom.
  5485 | D:6      | Reached ** piety under Hepliaklqana
  5486 | D:6      | Remembered your ancestor Halaster as a battlemage
  6108 | D:7      | Reached skill level 6 in Dodging
  6369 | D:7      | Noticed Pikel
  6379 | D:7      | Killed Pikel
  6707 | D:8      | Reached XP level 10. HP: 79/90 MP: 6/9
  6949 | D:8      | Reached skill level 7 in Dodging
  7001 | D:8      | Noticed Maggie
  7019 | D:8      | Killed Maggie
  7061 | D:8      | Reached *** piety under Hepliaklqana
  7306 | D:9      | Identified the +0 pair of boots of the Thistle {rElec rF+}
  7478 | D:9      | Found a shadowy altar of Dithmenos.
  7493 | D:9      | Got the Precepts of Moulding
  7496 | D:9      | Found a staircase to the Lair.
  7629 | D:9      | Identified the +1 leather armour of Foolhardiness {rC- rN+
                  | rCorr}
  7693 | D:9      | Reached skill level 8 in Dodging
  7735 | D:9      | Noticed a rust devil
  7850 | D:9      | Reached skill level 5 in Long Blades
  7853 | D:9      | Found an ancient bone altar of Kikubaaqudgha.
  8230 | D:9      | Reached **** piety under Hepliaklqana
  8324 | D:10     | Entered Level 10 of the Dungeon
  8507 | D:10     | Reached XP level 11. HP: 98/98 MP: 7/10
  8517 | D:10     | Noticed a purple ugly thing
  8522 | D:10     | Killed a purple ugly thing
  8524 | D:10     | Identified the +3 quarterstaff "Zamyel" {flame, Dex+4}
  8723 | D:10     | Reached skill level 9 in Dodging
  8763 | D:10     | Found a portal to a secret trove of treasure.
  9080 | D:11     | Noticed a two-headed ogre
  9092 | D:11     | Killed a two-headed ogre
  9138 | D:11     | Identified the +7 short sword "Aduac" {spect, Will+ SInv}
  9295 | D:11     | Identified the +10 arbalest "Olileiru" {drain, rCorr}
  9313 | D:11     | Found a staircase to the Orcish Mines.
  9525 | D:11     | Noticed Erolcha
  9534 | D:11     | Killed Erolcha
  9734 | D:11     | Reached skill level 10 in Dodging
  9748 | D:11     | Noticed Lodul
  9752 | D:11     | Killed Lodul
  9929 | Lair:1   | Entered Level 1 of the Lair of Beasts
 10139 | Lair:1   | Reached XP level 12. HP: 109/109 MP: 11/11
 10288 | Lair:1   | You fall into a shaft and drop 1 floor!
 10295 | Lair:2   | Reached ***** piety under Hepliaklqana
 10658 | Lair:1   | Reached skill level 11 in Dodging
 10808 | Lair:2   | Reached skill level 10 in Shields
 10818 | Lair:2   | Found a staircase to the Snake Pit.
 11642 | Lair:2   | Found a staircase to the Shoals.
 11675 | Lair:3   | Noticed a four-headed hydra
 11687 | Lair:3   | Killed a ten-headed hydra
 11868 | Lair:3   | Reached skill level 12 in Dodging
 12002 | Lair:3   | Found a transporter.
 12003 | Lair:3   | Found a transporter.
 12003 | Lair:3   | Noticed a boulder beetle
 12003 | Lair:3   | Noticed a boulder beetle
 12117 | Lair:2   | Got Jualatyu's Annotations on Akashic Wounds
 12279 | Lair:3   | Noticed a four-headed hydra
 12288 | Lair:3   | Killed a ten-headed hydra
 12289 | Lair:3   | Reached XP level 13. HP: 85/119 MP: 12/12
 12346 | Lair:3   | Found a bloodstained altar of Trog.
 12365 | Lair:3   | Slain by a 17-headed hydra

Illustrated notes

Levels and vault maps discovered:
D:1:      enne_arrival_octagon_isle, layout_basic, roderic_lattice_a,
          minmay_misc_feat_columns, hangedman_feature_mirror
D:2:      layout_basic, serial_forest, infiniplex_forest_straight_4,
          infiniplex_forest_clump_medium, infiniplex_forest_straight_2,
          infiniplex_forest_clump_long, infiniplex_forest_straight_4,
          infiniplex_forest_straight_4, infiniplex_forest_zigzag_1,
          infiniplex_forest_clump_double, infiniplex_forest_lined_room_3
D:3:      layout_rooms, mainiacjoe_overflow_boulevard, fedhas_ov_isle_minmay,
          jmf_multi_god_temple2, dreamdust_ecumenical_altar_angels_and_demons,
          chequers_decorated_corner, nicolae_wormholes
D:4:      layout_rooms, nzn_wu_jian_contemplation, jmf_multi_god_temple,
          minmay_temple_entry_grid, st_stairs_12, nicolae_goblin_pals
D:5:      layout_basic, enter_ossuary_2, amethyst_killhole,
          minmay_manual_monstrance
D:6:      layout_layer_cave, xom_confusion_cloud, grunt_decor_cap, uniq_edmund
D:7:      layout_rooms, minmay_manual_mares, uniq_pikel
D:8:      layout_gridville, uniq_maggie
D:9:      wander_kiku_kobolds, layout_cave_pods, grunt_dithmenos_smoke,
          dpeg_oklobed_lair
D:10:     layout_loops_ring, nicolae_trove_entry_free_sample
D:11:     layout_roguey, kennysheep_orc_monster_closet_entryway, uniq_erolcha,
          uniq_lodul
Temple:   hellmonk_temple_forest_ring
Lair:1:   layout_regular_city
Lair:2:   layout_regular_city, minmay_shoals_entry_hut,
          minmay_snake_entry_six_corridors, st_stairs_8, ice2_lemuel
Lair:3:   gammafunk_boulding_lane, layout_chaotic_city, basic_altar

Skill      XL: |  1  2  3  4  5  6  7  8  9 10 11 12 |
---------------+-------------------------------------+-----
Shields        | 3 4 5 6 7 8 9 10 | 10.7
Dodging        | 3 4 5 6 8 10 12 | 12.3
Fighting       | 3 4 5 6 7 8 9 |  9.9
Unarmed Combat | 3 4 5 |  5.6
Long Blades    | 1 3 5 6 8 |  8.3

Action                     |  1- 3 |  4- 6 |  7- 9 | 10-12 | 13-15 || total
---------------------------+-------+-------+-------+-------+-------++-------
  Melee: Unarmed           |    88 |   175 |   202 |       |       ||   465
         Falchion          |       |       |   115 |   565 |    16 ||   696
 Invoke: Ancestor Identity |       |       |     1 |       |       ||     1
         Ancestor Life: Ba |       |       |     1 |       |       ||     1
  Evoke: Wand              |       |       |       |     9 |       ||     9
         Box of beasts     |       |       |       |     1 |       ||     1
         Phantom mirror    |       |       |       |     1 |       ||     1
    Use: Scroll            |       |     8 |    11 |    12 |     1 ||    32
         Potion            |       |     7 |       |     2 |       ||     9
   Stab: Sleeping          |     1 |       |     1 |       |       ||     2
         Distracted        |       |     1 |     2 |     8 |     1 ||    12
 Armour: Robe              |    31 |    36 |       |       |       ||    67
         Animal skin       |       |    16 |    56 |       |       ||    72
         Acid dragon scale |       |       |       |   117 |    27 ||   144
  Dodge: Dodged            |    29 |   133 |   235 |   666 |    80 ||  1143
  Block: Kite shield       |    30 |   126 |   170 |   532 |    34 ||   892

Table legend: (Time is in decaauts)
 A = Elapsed time spent in this place.
 B = Non-inter-level travel time spent in this place.
 C = Inter-level travel time spent in this place.
 D = Time resting spent in this place.
 E = Time spent auto-exploring this place.
 F = Levels seen in this place.
 G = Mean time per level.
                   A        B        C        D        E       F      G
               +--------+--------+--------+--------+--------+-----+--------+
         Total |  12480 |   9038 |   3442 |    913 |   5219 |  16 |  780.0 |
       Dungeon |   9487 |   7429 |   2058 |    432 |   5005 |  11 |  862.5 |
        Temple |    268 |    245 |     23 |    100 |    133 |   1 |  268.0 |
          Lair |   2440 |   1079 |   1361 |    381 |     81 |   3 |  813.3 |
       Ossuary |    283 |    283 |      0 |      0 |      0 |   1 |  283.0 |
               +--------+--------+--------+--------+--------+-----+--------+

Top non-repeatable levels by time:
     D:6: 1244 daAuts
     D:9: 1108 daAuts
     D:1: 1072 daAuts
  Lair:2: 1034 daAuts
     D:4: 947 daAuts
    D:11: 880 daAuts
     D:5: 821 daAuts
     D:2: 773 daAuts
  Lair:1: 757 daAuts
     D:3: 716 daAuts
    D:10: 705 daAuts
     D:8: 648 daAuts
  Lair:3: 648 daAuts
     D:7: 567 daAuts
 Ossuary: 283 daAuts
